 Dungeon Crawl Stone Soup version 0.21-a0-94-gdd6ab6a (webtiles) character file.

326 Ordine the Cudgeler (level 6, -10/55 HPs)
             Began as a Gargoyle Fighter on July 3, 2017.
             Was an Initiate of Okawaru.
             Mangled by an ogre
             ... wielding a +0 giant club
              (14 damage)
             ... on level 5 of the Dungeon.
             The game lasted 00:08:05 (3909 turns).

Ordine the Cudgeler (Gargoyle Fighter)              Turns: 3909, Time: 00:08:06

Health: -10/55     AC: 23    Str: 20    XL:     6   Next: 49%
Magic:  6/6        EV:  2    Int:  8    God:    Okawaru [......]
Gold:   216        SH: 10    Dex: 11    Spells: 5/5 levels left

rFire    . . .     SeeInvis .   a - +1 flail
rCold    . . .     Gourm    .   c - +0 shield
rNeg     + + +     Faith    .   (armour currently unavailable)
rPois    ∞         Spirit   .   (helmet currently unavailable)
rElec    .         Reflect  .   (cloak currently unavailable)
rCorr    .         Harm     .   (gloves currently unavailable)
MR       +....     NoTele   +   (boots currently unavailable)
Stlth    +.........             (no amulet)
HPRegen  0.18/turn              k - ring of protection from magic
MPRegen  0.10/turn              (no ring)

@: tree-form
A: negative energy resistance 1, petrification resistance, rot immunity, AC +4
a: Renounce Religion


You were on level 5 of the Dungeon.
You worshipped Okawaru.
Okawaru was noncommittal.
You were not hungry.
You were a tree.
You visited 1 branch of the dungeon, and saw 5 of its levels.

You collected 216 gold pieces.

Inventory:

Hand Weapons
 a - a +1 flail (weapon)
 h - a +1 mace of venom
 o - a +2 mace of venom
 p - a +2 mace of protection
 v - the +9 whip "Woetephip" {slash, *Noise rF+++ rN+++, unknown}
   (You found it on level 4 of the Dungeon)

   It inflicts extra damage upon your enemies.
   It renders you almost immune to fire.
   It renders you almost immune to negative energy.
   It may make noises in combat.
Armour
 b - a cursed +0 chain mail (melded)
 c - a +0 shield (worn)
 j - a +0 pair of gloves (melded)
 l - a +1 cloak (melded)
Jewellery
 k - a ring of protection from magic (left branch)
 n - a +3 ring of protection {unknown}
 t - a cursed -2 ring of evasion {unknown}
Wands
 w - a wand of scattershot (3/9)
Potions
 d - 2 potions of might
 e - 2 potions of agility
 g - 3 potions of brilliance
 i - 5 potions of curing {unknown}
 m - a potion of resistance {unknown}
 q - a potion of invisibility {unknown}
 r - a potion of degeneration {unknown}
 s - a potion of lignification
 u - a potion of heal wounds {unknown}
 z - a potion of flight {unknown}
Comestibles
 f - 3 bread rations
 x - 3 chunks of flesh


   Skills:
 - Level 3.2 Fighting
 * Level 5.4 Maces & Flails
 - Level 3.2 Armour
 + Level 5.3 Shields


You had 5 spell levels left.
You didn't know any spells.

Dungeon Overview and Level Annotations

Branches:
Dungeon (5/15)
 Temple: D:4-7

Altars:
Ashenzari
Elyvilon
Fedhas
Hepliaklqana
Okawaru
Ru
Wu Jian

Shops:
D:5 *


Innate Abilities, Weirdness & Mutations

You are resistant to torment.
((Your stone body is resilient. (AC +4)))
You are immune to poison.
You resist negative energy. (rN+)
((You are resistant to electric shocks. (rElec)))
((You can survive without breathing.))
You are immune to petrification.
You are immune to rotting.


Message History

Found a ring mail.
z - a white potion
There is an entrance to Amin's General Store here.
You can access your shopping list by pressing '$'.
An ogre comes into view. It is wielding a giant club.
The ogre shouts!
You thump the ogre!
The ogre is heavily wounded.
The ogre hits you with a giant club!
You hit the ogre.
The ogre is heavily wounded.
The ogre hits you with a giant club!!
Ouch! That really hurt!
* * * LOW HITPOINT WARNING * * *
It was a potion of lignification.
You turn into a tree.
Your +1 cloak melds into your body.
Your +0 pair of gloves melds into your body.
Your cursed +0 chain mail melds into your body.
Your roots penetrate the ground.
The ogre hits you with a giant club!
You die...

#...### #.#...#
#.#.#.# #.#.#.#
#.#...#
#.#.∩.####
#.#......#####
#O#.###......#
#.♣..##......#
####.##..).[.#
##.........#
#..........#
#..........#
#.....##.##.....
#.....##.# .####
#[.....#........
#......####.####


You could see an ogre.

Vanquished Creatures
  A centaur (D:3)
  Crazy Yiuf (D:3)
  Ijyb (D:5)
  2 worker ants
  3 adders (D:3)
  2 oozes
  5 worms
  3 dart slugs
  3 leopard geckos
  2 orcs (D:3)
  A ball python (D:3)
  7 bats
  4 giant cockroaches
  7 goblins
  11 hobgoblins
  10 jackals
  A quokka (D:3)
  7 frilled lizards
  7 kobolds
  11 rats
  2 fungi (D:3)
91 creatures vanquished.

Vanquished Creatures (others)
  A fungus (D:3)
1 creature vanquished.

Grand Total: 92 creatures vanquished

Notes
Turn   | Place    | Note
-------+----------+-------------------------------------------
     0 | D:1      | Ordine the Gargoyle Fighter began the quest for the Orb.
     0 | D:1      | Reached XP level 1. HP: 14/14 MP: 1/1
    48 | D:1      | Reached XP level 2. HP: 16/19 MP: 2/2
   253 | D:1      | Reached XP level 3. HP: 22/23 MP: 3/3
   888 | D:2      | Found a hazy altar of Hepliaklqana.
  1389 | D:2      | Reached XP level 4. HP: 17/28 MP: 4/4
  2204 | D:3      | Found a white marble altar of Elyvilon.
  2228 | D:3      | Found an ornate altar of the Wu Jian Council.
  2241 | D:3      | Noticed a centaur
  2251 | D:3      | Killed a centaur
  2251 | D:3      | Reached XP level 5. HP: 22/32 MP: 5/5
  2551 | D:3      | Found a runed door.
  2556 | D:3      | Noticed Crazy Yiuf
  2562 | D:3      | Killed Crazy Yiuf
  2640 | D:3      | Found a shattered altar of Ashenzari.
  2640 | D:3      | Found an iron altar of Okawaru.
  2645 | D:3      | Became a worshipper of Warmaster Okawaru
  2698 | D:3      | Reached skill level 5 in Shields
  2703 | D:3      | Reached XP level 6. HP: 37/37 MP: 6/6
  2827 | D:3      | Found a blossoming altar of Fedhas.
  2831 | D:3      | Reached skill level 5 in Maces & Flails
  3027 | D:3      | Found a sacrificial altar of Ru.
  3167 | D:4      | Got a smoking whip
  3818 | D:5      | Entered Level 5 of the Dungeon
  3820 | D:5      | Found Amin's General Store.
  3820 | D:5      | Noticed Ijyb
  3836 | D:5      | Killed Ijyb
  3909 | D:5      | Mangled by an ogre

Vault maps used:
D:1:      minmay_arrival_jagged, minmay_misc_feat_tiny
D:2:      nicolae_overflow_crystal_walls
D:3:      nicolae_overflow_hidden_temple, old_standard_altar,
          gammafunk_temple_overflow_statue, overflow_temple_1_default,
          fedhas_altar_3, uniq_crazy_yiuf_cottage
D:5:      wad_river_or_something, serial_shops, shop_statue,
          kennysheep_mini_moat, kennysheep_mini, shop, nicolae_shop_stone,
          first_bread, uniq_ijyb

Skill      XL: |  1  2  3  4  5  6 |
---------------+-------------------+-----
Maces & Flails | 3 4 5 |  5.4
Shields        | 4 5 |  5.3
Fighting       | |  3.2
Armour         | |  3.2

Action                   |  1- 3 |  4- 6 || total
-------------------------+-------+-------++-------
Melee: Flail             |   117 |   245 ||   362
  Use: Scroll            |     4 |     6 ||    10
       Potion            |       |     1 ||     1
  Eat: Chunk             |     2 |     8 ||    10
Armor: Scale mail        |    48 |       ||    48
       Ring mail         |    13 |    31 ||    44
       Chain mail        |       |    77 ||    77
Dodge: Dodged            |    43 |    50 ||    93
Block: Shield            |    77 |   119 ||   196
